 Dungeon Crawl Stone Soup version 0.30-a0-723-gc1506a1cf0 (webtiles) character file.

Game seed: 592510215750528303

8 timneilson the Shield-Bearer (level 2, -1/19 HPs)
             Began as a Gargoyle Fighter on Jan 29, 2023.
             Slain by a gnoll
             ... wielding a +0 flail
              (8 damage)
             ... on level 1 of the Dungeon.
             The game lasted 00:00:17 (167 turns).

timneilson the Shield-Bearer (Gargoyle Fighter)      Turns: 167, Time: 00:00:18

Health: -1/19      AC:  9    Str: 19    XL:     2   Next: 8%
Magic:  2/2        EV:  9    Int:  8    God:
Gold:   23         SH:  4    Dex:  9    Spells: 1/1 levels left

rFire   . . .      SeeInvis .    a - +0 long sword
rCold   . . .      Faith    .    c - +0 buckler
rNeg    + . .      Spirit   .    b - +0 scale mail
rPois   ∞          Reflect  .    (no helmet)
rElec   +          Harm     .    (no cloak)
rCorr   .          Rampage  .    (no gloves)
Will    .....                    (no boots) Stlth
                                 (no amulet)
HPRegen 0.23/turn                (no ring)
MPRegen 0.08/turn                (no ring)

@: no status effects
A: sickness immunity, AC +2, negative energy resistance 1, electricity
resistance, torment resistance 1, petrification resistance
a: no special abilities


You were on level 1 of the Dungeon.
You visited 1 branch of the dungeon, and saw 1 of its levels.

You collected 23 gold pieces.

Inventory:

Hand Weapons
 a - a +0 long sword (weapon)
Armour
 b - a +0 scale mail (worn)
 c - a +0 buckler (worn)
Scrolls
 e - a scroll of vulnerability {unknown}
Potions
 d - a potion of might


   Skills:
 + Level 3.3 Fighting
 * Level 2.0 Long Blades
 * Level 3.4 Armour
 + Level 0.2 Dodging
 * Level 3.4 Shields


You had one spell level left.
You didn't know any spells.
Your spell library was empty.

Dungeon Overview and Level Annotations

Branches:
Dungeon (1/15)

Altars:


Innate Abilities, Weirdness & Mutations

You are immune to sickness and miasma.
Your stone body is resilient. (AC +2)
You are immune to poison.
You resist negative energy. (rN+)
You are resistant to electric shocks. (rElec)
You are resistant to unholy torment.
You are immune to petrification.


Message History

You now have 23 gold pieces (gained 8).
A gnoll comes into view. It is wielding a +0 flail.
The gnoll shouts!
The gnoll hits you with a +0 flail.
You hit the gnoll.
The gnoll is lightly wounded.
The gnoll hits you with a +0 flail.
You hit the gnoll but do no damage.
The gnoll is lightly wounded.
The gnoll hits you with a +0 flail. The gnoll closely misses you.
You are too injured to fight recklessly!
You are too injured to fight recklessly!
You are too injured to fight recklessly!
You are too injured to fight recklessly!
You are too injured to fight recklessly!
You are too injured to fight recklessly!
You are too injured to fight recklessly!
You are too injured to fight recklessly!
You are too injured to fight recklessly!
You are too injured to fight recklessly!
You are too injured to fight recklessly!
You are too injured to fight recklessly!
You are too injured to fight recklessly!
You are too injured to fight recklessly!
You hit the gnoll.
The gnoll is heavily wounded.
The gnoll barely misses you.
You barely miss the gnoll.
The gnoll is heavily wounded.
The gnoll hits you with a +0 flail. The gnoll hits you but does no damage.
You closely miss the gnoll.
The gnoll is heavily wounded.
The gnoll barely misses you.
You hit the gnoll.
The gnoll is severely wounded.
The gnoll barely misses you.
You hit the gnoll but do no damage.
The gnoll is severely wounded.
The gnoll hits you with a +0 flail!
You die...

.....########.....###.# .
....###### +.....# .# ..
....##.8_## #.....###.# ..
....###..8# #.........#.#
....##..#.###+###.......#
....##..####. #.....###..
....##...###.. ##.........
....####.^##...###.########
....###.^###...g@..#
....##..## #..............
...##8.8##........###.....
##..#..###..###...# ....
..................# ..#
#P.....P#~#P......# .#
##P...P##~##P.....# .
~~..<..~~~~~...###.
##P...P##~##P


You could see a gnoll.

Vanquished Creatures
  An endoplasm (D:1)
  A goblin (D:1)
  3 quokkas (D:1)
  A frilled lizard (D:1)
  A rat (D:1)
7 creatures vanquished.

Notes
Turn   | Place    | Note
-------+----------+-------------------------------------------
     0 | D:1      | timneilson the Gargoyle Fighter began the quest for the
                  | Orb.
     0 | D:1      | Reached XP level 1. HP: 14/14 MP: 1/1
     8 | D:1      | Found a faded altar of an unknown god.
   114 | D:1      | Reached XP level 2. HP: 16/19 MP: 2/2
   167 | D:1      | Slain by a gnoll

Illustrated notes

Levels and vault maps discovered:
D:1:      eino_arrival_water_cross, layout_basic,
          shapermc_ecumenical_altar_petra, minmay_misc_feat_x

Skill      XL: |  1 |
---------------+----+-----
Long Blades    | 2 |  2.0
Fighting       | |  3.3
Armour         | |  3.4
Dodging        | |  0.2
Shields        | |  3.4

Action                     || total
---------------------------++-------
  Melee: Long sword        ||    40
 Armour: Scale mail        ||    21
  Dodge: Dodged            ||    30
  Block: Buckler           ||     9

Table legend: (Time is in decaauts)
 A = Elapsed time spent in this place.
 B = Non-inter-level travel time spent in this place.
 C = Inter-level travel time spent in this place.
 D = Time resting spent in this place.
 E = Time spent auto-exploring this place.
 F = Levels seen in this place.
 G = Mean time per level.
                   A        B        C        D        E       F      G
               +--------+--------+--------+--------+--------+-----+--------+
         Total |    179 |    179 |      0 |      0 |    108 |   1 |  179.0 |
       Dungeon |    179 |    179 |      0 |      0 |    108 |   1 |  179.0 |
               +--------+--------+--------+--------+--------+-----+--------+

Top non-repeatable levels by time:
     D:1: 179 daAuts
